 Dungeon Crawl Stone Soup version 0.22-a0-423-g4197694 (webtiles) character file.

905 nikopol the Cleaver (level 7, 0/62 HPs)
             Began as a Minotaur Berserker on May 23, 2018.
             Was a Priest of Trog.
             Slain by a sky beast (6 damage)
             ... on level 5 of the Dungeon.
             The game lasted 00:05:57 (3577 turns).

nikopol the Cleaver (Minotaur Berserker)            Turns: 3577, Time: 00:05:58

Health: 0/62       AC: 12    Str: 22    XL:     7   Next: 80%
Magic:  6/6        EV: 11    Int:  5    God:    Trog [***...]
Gold:   139        SH:  0    Dex: 10    Spells: 6/6 levels left

rFire    . . .     SeeInvis .   a - +0 hand axe
rCold    . . .     Gourm    .   (no shield)
rNeg     + . .     Faith    .   k - +0 pearl dragon scales
rPois    .         Spirit   .   (helmet restricted)
rElec    .         Reflect  .   (no cloak)
rCorr    .         Harm     .   (no gloves)
MR       .....                  (no boots)
Stlth    ..........             (no amulet)
HPRegen  0.20/turn              (no ring)
MPRegen  0.10/turn              (no ring)

@: berserk cooldown, starving, slowed, very slow
A: retaliatory headbutt, horns 2
a: Berserk, Trog's Hand, Renounce Religion


You were on level 5 of the Dungeon.
You worshipped Trog.
Trog was most pleased with you.
You were starving.

You visited 1 branch of the dungeon, and saw 5 of its levels.

You collected 139 gold pieces.

Inventory:

Hand Weapons
 a - a +0 hand axe (weapon)
Missiles
 q - 38 arrows
Armour
 b - a +0 animal skin
 k - +0 pearl dragon scales (worn)
Jewellery
 m - an uncursed ring of fire
Wands
 l - a wand of digging (9)
 t - a wand of flame (18)
Scrolls
 f - a scroll of immolation {unknown}
 g - 7 scrolls of identify {unknown}
 h - 2 scrolls of remove curse {unknown}
 j - 4 scrolls of teleportation {unknown}
 n - 3 scrolls of fear {unknown}
 o - a scroll of fog {unknown}
 p - 5 scrolls of magic mapping {unknown}
 r - 2 scrolls of enchant weapon {unknown}
Potions
 d - 3 potions of heal wounds {unknown}
 e - a potion of might {unknown}
 i - 2 potions of curing {unknown}
 s - 2 potions of brilliance {unknown}
Comestibles
 c - 12 rations


   Skills:
 + Level 5.8 Fighting
 + Level 8.1 Axes
 + Level 4.4 Armour
 + Level 4.9 Dodging
 + Level 0.8 Stealth


You had 6 spell levels left.
You didn't know any spells.
Your spell library was empty.

Dungeon Overview and Level Annotations

Branches:
Dungeon (5/15)
 Temple: D:4-7

Altars:
Cheibriados
Hepliaklqana
Kikubaaqudgha
Nemelex Xobeh
Okawaru
Qazlal
Ru
Vehumet
Wu Jian
Yredelemnul


Innate Abilities, Weirdness & Mutations

You reflexively headbutt those who attack you in melee.
You have a pair of horns on your head.


Message History

You barely miss the worker ant. Your headbutt misses the worker ant.
The worker ant is moderately wounded.
A scorpion comes into view.
A sky beast comes into view.
The worker ant closely misses you.
You slash the worker ant!
You kill the worker ant!
Trog accepts your kill.
You see here a worm corpse.
You feel a strong urge to attack something.
You feel your anger nearly subside.
You are no longer berserk.
You are exhausted.
You feel yourself slow down.
A crimson imp comes into view.
The crimson imp laughs crazily.
The sky beast flickers out of sight!
Deactivating autopickup; reactivate with Ctrl-A.
Something hits you.
* * * LOW HITPOINT WARNING * * *
Something shocks you.
You die...

....... .......# .......#
############## .......#
#............#
.......#####............#
..!........#............######
........##.#..s{@......^.....#
............#'###''..........#
....).†.#......####..........#
......)##......# #####..<.[.#
#...†#!###...#.# ##.....#
.....Y........... +.....+
...#.#...#.#...### #.....#
...#..##+#....... #.....# ..
##. ...#.### #######


You could see a scorpion.

Vanquished Creatures
  The ghost of nikopol the Magician, an amateur DEFE (D:4)
  The ghost of Veiltonx the Slasher, an amateur DsBe of Trog (D:3)
  An ogre (D:5)
  A scorpion (D:4)
  A howler monkey (D:5)
  A hound (D:4)
  A gnoll shaman (D:4)
  An iron imp (D:4)
  A bullfrog skeleton (D:4)
  An iguana (D:5)
  Ijyb (D:4)
  2 worker ants
  10 gnolls
  3 adders
  3 oozes
  2 worms
  2 dart slugs
  2 leopard geckos (D:3)
  An orc (D:4)
  A ball python (D:4)
  7 bats
  8 giant cockroaches
  7 goblins
  5 hobgoblins
  8 jackals
  6 kobolds
  3 quokkas
  7 frilled lizards
  8 rats
96 creatures vanquished.

Notes
Turn   | Place    | Note
-------+----------+-------------------------------------------
     0 | D:1      | nikopol the Minotaur Berserker began the quest for the Orb.
     0 | D:1      | Reached XP level 1. HP: 19/19 MP: 0/0
   133 | D:1      | Reached XP level 2. HP: 23/27 MP: 1/1
   133 | D:1      | Reached skill level 4 in Axes
   487 | D:1      | Reached XP level 3. HP: 23/33 MP: 2/2
   886 | D:2      | Reached ** piety under Trog
  1395 | D:2      | Found a radiant altar of Vehumet.
  1613 | D:3      | Found a stormy altar of Qazlal.
  1613 | D:3      | Noticed Veiltonx's ghost (amateur DsBe)
  1630 | D:3      | Killed Veiltonx's ghost
  1630 | D:3      | Reached skill level 5 in Axes
  1630 | D:3      | Reached XP level 4. HP: 41/41 MP: 3/3
  1630 | D:3      | Reached XP level 5. HP: 47/47 MP: 4/4
  1975 | D:3      | Reached skill level 5 in Fighting
  2373 | D:3      | Found a sacrificial altar of Ru.
  2378 | D:3      | Found an ancient bone altar of Kikubaaqudgha.
  2379 | D:3      | Found a snail-covered altar of Cheibriados.
  2380 | D:3      | Found a hazy altar of Hepliaklqana.
  2380 | D:3      | Found an iron altar of Okawaru.
  2380 | D:3      | Found a sparkling altar of Nemelex Xobeh.
  2380 | D:3      | Found an ornate altar of the Wu Jian Council.
  2384 | D:3      | Found a stormy altar of Qazlal.
  2596 | D:4      | Found a basalt altar of Yredelemnul.
  2668 | D:4      | Reached XP level 6. HP: 51/56 MP: 5/5
  2741 | D:4      | Reached skill level 6 in Axes
  2801 | D:4      | Noticed Ijyb
  2810 | D:4      | Killed Ijyb
  2887 | D:4      | Noticed nikopol's ghost (amateur DEFE)
  2889 | D:4      | Reached *** piety under Trog
  2900 | D:4      | Killed nikopol's ghost
  2900 | D:4      | Reached XP level 7. HP: 61/61 MP: 6/6
  2903 | D:4      | Reached skill level 7 in Axes
  3414 | D:4      | Found a snail-covered altar of Cheibriados.
  3505 | D:5      | Entered Level 5 of the Dungeon
  3563 | D:5      | Reached skill level 8 in Axes
  3577 | D:5      | Slain by a sky beast

Vault maps used:
D:1:      lemuel_arrival_behind_the_door_small, serial_glass, glass_columns_b,
          glass_columns_c
D:2:      old_standard_altar, serial_park_tiny_pond
D:3:      minitemple, hangedman_abyss_or_decor_stabs, grunt_qazlal_clouds
D:4:      overflow_temple_1_default, first_ration, minmay_misc_feat_five,
          kennysheep_cluttered_room, chei_slow_surprise, uniq_ijyb
D:5:      tso_metal_star, serial_shops, shop

Skill      XL: |  1  2  3  4  5  6  7 |
---------------+----------------------+-----
Axes           | 4 5 6 8 |  8.1
Fighting       | 4 5 |  5.8
Dodging        | 3 4 |  4.9
Armour         | 3 4 |  4.4
Stealth        | |  0.8

Action                   |  1- 3 |  4- 6 |  7- 9 || total
-------------------------+-------+-------+-------++-------
Melee: Hand axe          |   121 |    79 |    51 ||   251
       Headbutt          |    15 |    11 |     9 ||    35
Invok: Berserk           |     1 |     1 |     1 ||     3
  Eat: Chunk             |     2 |     4 |     3 ||     9
Armor: Animal skin       |     9 |       |       ||     9
       Pearl dragon scal |    41 |    35 |    31 ||   107
Dodge: Dodged            |    85 |    46 |    47 ||   178

Table legend:
 A = Spawn XP
 B = Non-spawn XP
 C = Spawn XP percentage of total XP
 D = Spawn monster count
 E = Non-spawn monster count
 F = Spawn count percentage of total count
 G = Total turns spent on level
                    A         B        C        D         E        F      G
               +---------+---------+-------+---------+---------+-------+---------
         Total |       0 |    1294 |   0.0 |       0 |      96 |   0.0 |  3577
               +---------+---------+-------+---------+---------+-------+---------
           D:1 |       0 |      45 |   0.0 |       0 |      23 |   0.0 |   882
           D:2 |       0 |      44 |   0.0 |       0 |      26 |   0.0 |   724
           D:3 |       0 |     233 |   0.0 |       0 |      16 |   0.0 |   884
           D:4 |       0 |     659 |   0.0 |       0 |      22 |   0.0 |  1015
           D:5 |       0 |     313 |   0.0 |       0 |       9 |   0.0 |    72
               +---------+---------+-------+---------+---------+-------+---------
